 Dungeon Crawl Stone Soup version 0.30-a0-782-ge64f9170bb (webtiles) character file.

Game seed: 3308225159976614509

14686 DavidChitty2 the Grappler (level 11, -1/109 HPs)
             Began as a Troll Fighter on Mar 14, 2023.
             Was a High Priest of Makhleb.
             Slain by a tengu warrior
             ... wielding a +2 halberd
              (6 damage)
             ... on level 10 of the Dungeon.
             The game lasted 00:14:09 (7932 turns).

DavidChitty2 the Grappler (Troll Fighter)           Turns: 7932, Time: 00:14:10

Health: -1/109     AC: 23    Str: 28    XL:     11   Next: 92%
Magic:  15/15      EV:  6    Int:  4    God:    Makhleb [*****.]
Gold:   535        SH: 11    Dex: 11    Spells: 10/10 levels left

rFire   + . .      SeeInvis .      - Unarmed
rCold   + . .      Faith    .    b - +1 kite shield
rNeg    . . .      Spirit   .    v - +8 storm dragon scales of the Trombone {+Blink rElec Stlth+}
rPois   .          Reflect  .    D - +1 hat
rElec   +          Harm     .    r - scarf {rC+ rF+}
rCorr   .          Rampage  .    (gloves unavailable)
Will    +....                    (boots unavailable) Stlth
                                 e - amulet of regeneration
HPRegen 1.98/turn                n - ring of willpower
MPRegen 0.14/turn                (no ring)

@: lethally poisoned (-1 -> -3), studying 2 skills
A: large, unfitting armour, claws 3, regeneration 1, shaggy fur 1, tough skin 1
a: Renounce Religion, Evoke Blink, Minor Destruction, Lesser Servant of Makhleb,
Major Destruction, Greater Servant of Makhleb


You were on level 10 of the Dungeon.
You worshipped Makhleb.
Makhleb was extremely pleased with you.
You visited 1 branch of the dungeon, and saw 10 of its levels.

You collected 535 gold pieces.

Inventory:

Missiles
 A - 4 throwing nets (quivered) {!f}
Armour
 a - a +0 robe
 b - a +1 kite shield (worn)
 r - a scarf of resistance (worn)
   (You found it on level 3 of the Dungeon)
 v - the +8 storm dragon scales of the Trombone (worn) {+Blink rElec Stlth+}
   (You acquired it on level 4 of the Dungeon)

   rElec:     It insulates you from electricity.
   +Blink:    It lets you blink.
   Stlth:     It makes you more stealthy.
 D - a +1 hat (worn)
   (You found it on level 7 of the Dungeon)
Jewellery
 e - an amulet of regeneration (around neck)
   (You found it on level 7 of the Dungeon)
 l - a +6 ring of intelligence
   (You found it on level 2 of the Dungeon)
 n - a ring of willpower (left claw)
   (You found it on level 3 of the Dungeon)
 E - an amulet of magic regeneration
   (You found it on level 7 of the Dungeon)
Wands
 d - a wand of iceblast (14)
   (You found it on level 5 of the Dungeon)
 s - a wand of polymorph (7)
   (You found it on level 5 of the Dungeon)
 u - a wand of charming (15)
   (You found it on level 6 of the Dungeon)
 x - a wand of acid (13)
   (You found it on level 5 of the Dungeon)
 G - a wand of mindburst (17)
   (You found it on level 8 of the Dungeon)
Scrolls
 f - 4 scrolls of magic mapping
 w - 2 scrolls of teleportation {@r4}
 y - 2 scrolls of identify {@r1}
 B - 4 scrolls of enchant armour
 C - 2 scrolls of blinking
 F - a scroll of summoning
 H - a scroll of silence {unknown}
 I - a scroll of torment {unknown}
Potions
 c - 4 potions of might
 g - a potion of ambrosia {unknown}
 h - a potion of mutation {unknown}
 i - a potion of resistance {unknown}
 j - 6 potions of curing {@q1}
 k - 2 potions of lignification {unknown}
 m - 2 potions of degeneration {unknown}
 o - 3 potions of brilliance {unknown}
 p - 5 potions of heal wounds {@q2}
 q - a potion of attraction {!q}
 t - a potion of cancellation {unknown}
 z - a potion of flight {unknown}


   Skills:
 + Level 7.2 Fighting
 + Level 6.0 Armour
 - Level 3.6 Dodging
 + Level 7.9 Shields
 * Level 11.6 Unarmed Combat
 + Level 7.0 Invocations


You had 10 spell levels left.
You didn't know any spells.
Your spell library contained the following spells:

 Spells                   Type           Power      Damage    Failure   Level
 Kiss of Death            Conj/Necr      0%         2d5       99%         1
 Shock                    Conj/Air       0%         1d3       99%         1
 Slow                     Hex            0%         N/A       99%         1
 Call Canine Familiar     Summ           0%         N/A       100%        3
 Confusing Touch          Hex            0%         N/A       100%        3
 Inner Flame              Hex/Fire       0%         N/A       100%        3
 Portal Projectile        Hex/Tloc       0%         N/A       100%        3
 Swiftness                Air            0%         N/A       100%        3
 Vampiric Draining        Necr           0%         2d6       100%        3
 Vhi's Electric Charge    Tloc/Air       0%         N/A       100%        3
 Airstrike                Air            0%         2d(0-16)  100%        4
 Dispel Undead            Necr           0%         3d6       100%        4
 Flame Wave               Conj/Fire      0%         2d4       100%        4
 Leda's Liquefaction      Hex/Erth       0%         N/A       100%        4
 Sticky Flame             Conj/Fire      0%         2d3       100%        4
 Arcjolt                  Conj/Air       0%         1d10      100%        5
 Maxwell's Capacitive Co  Air            0%         ∞         100%        8


Dungeon Overview and Level Annotations

Branches:
Dungeon (10/15)            Temple (0/1) D:5             Orc (0/2) D:10
   Lair: D:8-11

Altars:
Ashenzari
Cheibriados
Dithmenos
Kikubaaqudgha
Makhleb
Ru
Trog
Vehumet
Yredelemnul
Zin
The Shining One

Shops:
D:1 (([(


Innate Abilities, Weirdness & Mutations

You are too large for most types of armour.
You have claws for hands.
Your natural rate of healing is unusually fast.
You are covered in fur. (AC +1)
You have tough skin. (AC +1)


Message History

You block the meliai's attack.
The meliai stings you but does no damage.
You mangle the tengu warrior!!
You feel sick.
The meliai invokes the aid of its god against you.
Something smites you!
The tengu warrior hits you with a +2 halberd!
The tengu warrior pecks you but does no damage.
The tengu warrior claws you but does no damage.
You miss the tengu warrior.
You feel sick. The meliai barely misses you. The meliai stings you.
You block the meliai's attack.
The meliai stings you but does no damage.
You closely miss the tengu warrior.
You feel sick. You block the meliai's attack. The meliai completely misses you.
You block the tengu warrior's attack.
The tengu warrior pecks you but does no damage.
The tengu warrior claws you but does no damage.
The meliai mumbles some strange prayers to its god against you.
Something smites you!
* * * LOW HITPOINT WARNING * * *
You closely miss the tengu warrior.
You feel sick. The meliai hits you with a +0 war axe.
* * * LOW HITPOINT WARNING * * *
The meliai stings you.
* * * LOW HITPOINT WARNING * * *
You are more poisoned.
The meliai poisons you!
You block the tengu warrior's attack. x2
The tengu warrior claws you.
* * * LOW HITPOINT WARNING * * *
Aim: a tengu warrior, wielding a +2 halberd and wearing a +0 ring mail (heavily wounded)
The bolt of negative energy hits the tengu warrior!
The tengu warrior is drained!
The bolt of negative energy misses the basilisk.
You feel very sick. The meliai closely misses you.
You block the meliai's attack. x2
The meliai stings you but does no damage.
You block the tengu warrior's attack. The tengu warrior pecks you.
* * * LOW HITPOINT WARNING * * *
You block the tengu warrior's attack.
Aim: a tengu warrior, wielding a +2 halberd and wearing a +0 ring mail (severely wounded, lightly drained)
The bolt of fire misses the tengu warrior.
The bolt of fire hits the basilisk!
You feel very sick. The meliai hits you with a +0 war axe.
* * * LOW HITPOINT WARNING * * *
You block the meliai's attack. The meliai hits you with a +0 war axe.
* * * LOW HITPOINT WARNING * * *
The meliai stings you.
* * * LOW HITPOINT WARNING * * *
The tengu warrior hits you with a +2 halberd.
You die...

.........#...# #...#.......####..
.#.#.#.#.##.......##.##########..
.........###.....###.. .........
####.##### ##.## ### .#####...
....... ..... ..#..# ##.#####
###### #.#+###+#.#..# .#.....#
.l# #.#.....#.#..# .##....# # #Q#
#.###'###†#).. .##....# #. #@#
..+....)'..... .##....# #.###y#
#.###'###.#... )##†...# #.....#
#.#.....#.#..#
.##....#.#.###'###.#.#'###+#.#...
.##....#.#.........#...).....#...
.......#.#####.#########.#####...
.......#.#.........#............#
....####.#..######.#...#........#
.......#.#.#.# #.#...##.......+


You could see a tengu warrior (drained), a basilisk and a meliai.

Vanquished Creatures
  Erica (D:8)
  2 two-headed ogres
  Urug (D:10)
  Nergalle (D:10)
  A manticore (shapeshifter) (D:10)
  A cyclops (D:9)
  Joseph (D:9)
  Maggie (D:8)
  An unseen horror (D:10)
  A yaktaur (D:10)
  3 trolls (D:10)
  3 hornets
  3 wraiths
  3 wyverns (D:10)
  9 yaks
  4 steam dragons
  2 acid dragons
  A two-headed ogre zombie (D:10)
  A water moccasin (D:5)
  Duvessa (D:7)
  An ice beast (D:5)
  A black bear (D:5)
  5 orc warriors
  2 sky beasts
  4 ogres
  A boggart (D:9)
  6 centaurs
  5 phantoms
  3 bullfrogs
  A gnoll sergeant (D:7)
  3 kobold brigands
  2 necrophages
  4 scorpions
  Dowan (D:7)
  6 wights
  5 jellies
  A troll zombie (D:10)
  10 killer bees
  2 howler monkeys
  7 hounds
  11 orc priests
  2 gnoll boudas
  8 iguanas
  11 orc wizards
  6 ogre zombies (D:10)
  Robin (D:2)
  15 gnolls
  7 adders
  5 white imps
  2 ufetubi
  A worm (D:2)
  43 orcs
  16 ball pythons
  9 endoplasms
  7 giant cockroaches
  12 hobgoblins
  4 quokkas
  4 bats
  4 frilled lizards
  12 goblins
  A goblin skeleton (D:10)
  5 goblin zombies (D:10)
  A hobgoblin zombie (D:10)
  13 kobolds
  4 orc skeletons (D:10)
  13 orc zombies (D:10)
  10 rats
338 creatures vanquished.

Vanquished Creatures (others)
  2 orcs (D:7)
2 creatures vanquished.

Grand Total: 340 creatures vanquished

Notes
Turn   | Place    | Note
-------+----------+-------------------------------------------
     0 | D:1      | DavidChitty2 the Troll Fighter began the quest for the Orb.
     0 | D:1      | Reached XP level 1. HP: 22/22 MP: 0/0
    36 | D:1      | Reached XP level 2. HP: 21/29 MP: 1/1
    89 | D:1      | Found Laoch's Weapon Shoppe.
   144 | D:1      | Found Ybrazu's Antique Armour Boutique.
   231 | D:1      | Reached XP level 3. HP: 36/36 MP: 2/2
   432 | D:1      | Found Heeleosm's Weapon Shop.
   477 | D:1      | Found Cequj's Weapon Emporium.
   827 | D:2      | Reached skill level 3 in Unarmed Combat
   833 | D:2      | Noticed Robin
   839 | D:2      | Killed Robin
   842 | D:2      | Reached XP level 4. HP: 39/44 MP: 3/3
  1861 | D:3      | Found a burning altar of Makhleb.
  1875 | D:3      | Became a worshipper of Makhleb the Destroyer
  1947 | D:3      | Reached XP level 5. HP: 53/53 MP: 4/4
  2675 | D:4      | Reached skill level 1 in Invocations
  2682 | D:3      | Reached skill level 4 in Unarmed Combat
  2712 | D:4      | Reached * piety under Makhleb
  2724 | D:4      | Found a glowing silver altar of Zin.
  2724 | D:4      | Found a broken altar of Ashenzari.
  2758 | D:4      | Noticed a phantom
  2776 | D:4      | Killed a phantom
  2777 | D:4      | Reached XP level 6. HP: 61/61 MP: 4/6
  2909 | D:4      | Identified 2 scrolls of acquirement
  2909 | D:4      | Acquired the +8 storm dragon scales of the Trombone {+Blink
                  | rElec Stlth+}
  2921 | D:4      | Acquired a manual of Dodging
  3072 | D:4      | Reached XP level 7. HP: 60/67 MP: 7/7
  3106 | D:4      | Reached skill level 5 in Unarmed Combat
  3278 | D:4      | Reached skill level 1 in Armour
  3406 | D:4      | Found a glowing golden altar of the Shining One.
  3479 | D:5      | Entered Level 5 of the Dungeon
  3631 | D:5      | Reached ** piety under Makhleb
  3632 | D:5      | Reached XP level 8. HP: 75/78 MP: 8/8
  3731 | D:5      | Found a staircase to the Ecumenical Temple.
  3831 | D:5      | Reached skill level 6 in Unarmed Combat
  4094 | D:5      | Reached skill level 5 in Shields
  4272 | D:6      | Reached skill level 7 in Unarmed Combat
  4339 | D:6      | Reached XP level 9. HP: 85/85 MP: 10/10
  4399 | D:6      | Found a radiant altar of Vehumet.
  4403 | D:6      | Found a sacrificial altar of Ru.
  4473 | D:6      | Found a shadowy altar of Dithmenos.
  4635 | D:6      | Found an ancient bone altar of Kikubaaqudgha.
  5092 | D:7      | Reached skill level 5 in Fighting
  5096 | D:7      | Reached *** piety under Makhleb
  5174 | D:7      | Reached skill level 8 in Unarmed Combat
  5207 | D:7      | Noticed a moth of wrath
  5231 | D:7      | Found a bloodstained altar of Trog.
  5385 | D:7      | Noticed Dowan
  5388 | D:7      | Noticed Duvessa
  5394 | D:7      | Killed Dowan
  5404 | D:7      | Killed Duvessa
  5751 | D:8      | Reached XP level 10. HP: 96/96 MP: 12/12
  5766 | D:8      | Paralysed by a hornet for 2 turns
  5774 | D:8      | Reached **** piety under Makhleb
  5799 | D:8      | Reached skill level 9 in Unarmed Combat
  5825 | D:8      | Reached skill level 5 in Invocations
  5909 | D:8      | Noticed Erica
  5926 | D:8      | Killed Erica
  5999 | D:8      | Noticed Maggie
  6012 | D:8      | Killed Maggie
  6464 | D:8      | Reached ***** piety under Makhleb
  6496 | D:9      | Reached skill level 10 in Unarmed Combat
  6569 | D:9      | Noticed Joseph
  6593 | D:9      | Killed Joseph
  6594 | D:9      | Reached skill level 5 in Armour
  6673 | D:9      | Found a snail-covered altar of Cheibriados.
  6692 | D:9      | Found a basalt altar of Yredelemnul.
  6756 | D:9      | Reached XP level 11. HP: 106/106 MP: 14/14
  6872 | D:9      | Noticed a two-headed ogre
  6881 | D:9      | Killed a two-headed ogre
  7252 | D:10     | Entered Level 10 of the Dungeon
  7395 | D:10     | Noticed Urug
  7411 | D:10     | Killed Urug
  7412 | D:10     | Reached skill level 11 in Unarmed Combat
  7572 | D:10     | Found a staircase to the Orcish Mines.
  7721 | D:10     | Noticed a two-headed ogre
  7724 | D:10     | Killed a two-headed ogre
  7818 | D:10     | Noticed Nergalle
  7829 | D:10     | Killed Nergalle
  7913 | D:10     | Noticed a tengu warrior
  7932 | D:10     | HP: 5/109 [meliai/+0 war axe (4)]
  7932 | D:10     | Slain by a tengu warrior

Illustrated notes

Levels and vault maps discovered:
D:1:      minmay_arrival_jagged, layout_basic, serial_glass, glass_columns_a,
          glass_columns_a, serial_shops, nicolae_diamond_shop, shop, shop, shop,
          minmay_hexomino_u4
D:2:      wad_river_or_something, layout_basic, wad_orctagon, uniq_robin
D:3:      layout_loops_ring, bloody_makhleb, minmay_misc_feat_columns,
          nicolae_underground_beach
D:4:      layout_basic, grunt_temple_overflow_open, dk_vineyard_3,
          minmay_manual_monstrance
D:5:      layout_gridville, minmay_temple_entry_enclosed_plants,
          minmay_fractal_squares_diagonal_5
D:6:      layout_loops_cross, nicolae_dithmenos_the_darkroom,
          chequers_temple_overflow_statue_of_worship,
          mainiacjoe_overflow_surrounded_room, minivault_19,
          lemuel_flamethrower_2
D:7:      layout_rooms, tgw_trog, serial_curves, eino_curves_01, eino_curves_03,
          uniq_duvessa
D:8:      layout_rooms, minmay_misc_feat_nine_boxes, uniq_erica, uniq_maggie
D:9:      layout_loops_ring, mainiacjoe_overflow_catwalk, lemuel_tele_altar,
          minmay_three_doors, uniq_joseph
D:10:     minmay_the_grid_net [minmay_the_grid_doors,
          minmay_the_grid_minigrid_small, minmay_the_grid_zigzag_pyramid,
          minmay_the_grid_box_x, minmay_the_grid_plusring,
          minmay_the_grid_prize_shrinking_boxes], layout_basic,
          nicolae_wu_jian_immortal_techniques, zombieorc2_lemuel, uniq_nergalle,
          uniq_urug

Skill      XL: |  1  2  3  4  5  6  7  8  9 10 11 |
---------------+----------------------------------+-----
Shields        | 3 4 5 6 7 |  7.9
Unarmed Combat | 3 4 5 7 8 10 11 | 11.6
Fighting       | 3 4 5 6 7 |  7.2
Dodging        | 3 |  3.6
Invocations    | 1 2 3 4 5 7 |  7.0
Armour         | 1 2 4 5 6 |  6.0

Action                     |  1- 3 |  4- 6 |  7- 9 | 10-12 || total
---------------------------+-------+-------+-------+-------++-------
  Melee: Unarmed           |    90 |   164 |   361 |   499 ||  1114
 Invoke: Major Destruction |       |       |       |     3 ||     3
  Evoke: Wand              |       |       |       |    14 ||    14
    Use: Scroll            |       |    10 |     3 |     2 ||    15
         Potion            |       |     1 |       |       ||     1
 Armour: Robe              |    33 |    35 |       |       ||    68
         Storm dragon scal |       |     2 |   273 |   353 ||   628
  Dodge: Dodged            |    31 |    57 |   102 |   144 ||   334
  Block: Kite shield       |    25 |    55 |   192 |   294 ||   566

Table legend: (Time is in decaauts)
 A = Elapsed time spent in this place.
 B = Non-inter-level travel time spent in this place.
 C = Inter-level travel time spent in this place.
 D = Time resting spent in this place.
 E = Time spent auto-exploring this place.
 F = Levels seen in this place.
 G = Mean time per level.
                   A        B        C        D        E       F      G
               +--------+--------+--------+--------+--------+-----+--------+
         Total |   7941 |   7638 |    303 |    265 |   5078 |  10 |  794.1 |
       Dungeon |   7941 |   7638 |    303 |    265 |   5078 |  10 |  794.1 |
               +--------+--------+--------+--------+--------+-----+--------+

Top non-repeatable levels by time:
     D:2: 1191 daAuts
     D:3: 971 daAuts
     D:9: 817 daAuts
     D:5: 784 daAuts
     D:6: 776 daAuts
     D:8: 743 daAuts
     D:7: 691 daAuts
     D:4: 668 daAuts
     D:1: 667 daAuts
    D:10: 630 daAuts
